 Dungeon Crawl Stone Soup version 0.19.0-20-gbc5f0c6 (webtiles) character file.

142 Remedyn the Shield-Bearer (level 5, 0/42 HPs)
             Began as a Formicid Fighter on Nov 17, 2016.
             Succumbed to an adder's poison
             ... on level 3 of the Dungeon.
             The game lasted 00:06:43 (1720 turns).

Remedyn the Shield-Bearer (Formicid Fighter)        Turns: 1720, Time: 00:06:43

Health: 0/42       AC:  9    Str: 21    XL:     5   Next: 49%
Magic:  5/5        EV:  6    Int:  8    God:
Gold:   54         SH:  9    Dex: 10    Spells: 0 memorised, 4 levels left

rFire  . . .     SeeInvis +     a - +0 war axe
rCold  . . .     Gourm    .     h - +0 chain mail
rNeg   . . .     Faith    .     c - +0 shield
rPois  .         Spirit   .     (helmet unavailable)
rElec  .         Reflect  .     (no cloak)
rCorr  .         Harm     .     (no gloves)
MR     .....                    (no boots)
Stlth  ..........               p - amulet of regeneration
                                (no ring)
                                (no ring)

@: lethally poisoned (0 -> -3)
A: permanent stasis, dig shafts and tunnels, four strong arms, antennae 3
a: Dig, Shaft Self


You were on level 3 of the Dungeon.
You were not hungry.

You visited 1 branch of the dungeon, and saw 3 of its levels.

You collected 54 gold pieces.

Inventory:

Hand Weapons
 a - a +0 war axe (weapon)
Missiles
 g - 5 stones (quivered)
Armour
 b - a +0 scale mail
 c - a +0 shield (worn)
 h - a +0 chain mail (worn)
Jewellery
 p - an amulet of regeneration (around neck)
Scrolls
 l - a scroll of magic mapping
 m - a scroll of identify
 r - 2 scrolls of remove curse
Potions
 d - a potion of might
 e - 3 potions of flight {unknown}
 j - a potion of magic {unknown}
 k - 3 potions of curing {unknown}
 n - 2 potions of berserk rage {unknown}
 o - a potion of degeneration {unknown}
 q - a potion of haste {unknown}
 s - 3 potions of lignification {unknown}
Comestibles
 f - 2 bread rations
 i - a meat ration
 t - a beef jerky
 v - a chunk of flesh


   Skills:
 + Level 4.1 Fighting
 + Level 3.9 Axes
 + Level 3.7 Armour
 + Level 0.5 Dodging
 + Level 0.6 Stealth
 + Level 4.2 Shields


You had 4 spell levels left.
You didn't know any spells.

Dungeon Overview and Level Annotations

Branches:
Dungeon (3/15)

Altars:
Sif Muna


Innate Abilities, Weirdness & Mutations

You are under a permanent stasis effect.
You can dig through walls and to a lower floor.
Your four strong arms can wield two-handed weapons with a shield.
You have a pair of large antennae on your head. (SInv)


Message History

The adder is severely wounded.
You feel sick. The adder barely misses you. The adder bites you.
* * * LOW HITPOINT WARNING * * *
You are lethally poisoned!
The adder poisons you!
You closely miss the adder.
The adder is severely wounded.
* * * LOW HITPOINT WARNING * * *
You feel sick. You block the adder's attack.
You miss the adder.
The adder is severely wounded.
* * * LOW HITPOINT WARNING * * *
You feel sick. You block the adder's attack. x2
You closely miss the adder.
The adder is severely wounded.
* * * LOW HITPOINT WARNING * * *
You feel sick.
The adder bites you but does no damage. x2
You miss the adder.
The adder is severely wounded.
You die...

..#.######.# ..
..(........##
...
............##..
...............
.............#
./...........#
.......S.....#
......%@)....#
...........<##
.....#.....##
.#....####..#
####. #.... #.
###..# # ...#
....


You could see an adder.

Vanquished Creatures
  Terence (D:3)
  6 adders
  A worm (D:2)
  3 dart slugs
  5 giant cockroaches
  4 hobgoblins
  4 jackals (D:2)
  2 quokkas
  7 ball pythons
  5 bats
  7 goblins
  3 kobolds
  7 rats
55 creatures vanquished.

Notes
Turn   | Place    | Note
-------+----------+-------------------------------------------
     0 | D:1      | Remedyn the Formicid Fighter began the quest for the Orb.
     0 | D:1      | Reached XP level 1. HP: 18/18 MP: 1/1
   128 | D:1      | Reached XP level 2. HP: 12/24 MP: 2/2
   611 | D:1      | Reached XP level 3. HP: 28/29 MP: 3/3
   991 | D:2      | Reached XP level 4. HP: 37/37 MP: 4/4
  1005 | D:2      | Found a deep blue altar of Sif Muna.
  1495 | D:2      | Reached XP level 5. HP: 40/42 MP: 5/5
  1699 | D:3      | Noticed Terence
  1711 | D:3      | Killed Terence
  1718 | D:3      | HP: 2/42 [poisoned by an adder]
  1720 | D:3      | Succumbed to an adder's poison

Skill      XL: |  1  2  3  4  5 |
---------------+----------------+-----
Axes           | 3 |  3.9
Shields        | 4 |  4.2
Fighting       | 4 |  4.1
Armour         | |  3.7
Dodging        | |  0.5
Stealth        | |  0.6

Action                   |  1- 3 |  4- 6 || total
-------------------------+-------+-------++-------
Melee: War axe           |    70 |    86 ||   156
  Use: Scroll            |     4 |     2 ||     6
  Eat: Bread ration      |       |     1 ||     1
Armor: Scale mail        |     7 |       ||     7
       Chain mail        |    32 |    72 ||   104
Dodge: Dodged            |    24 |    37 ||    61
Block: Shield            |    44 |    58 ||   102
